 Dungeon Crawl Stone Soup version 0.30.0-10-gfe55d96785 (webtiles) character file.

Game seed: 18057221834353810787

2883 Edyrem the Skirmisher (level 9, -2/50 (53) HPs)
             Began as a Tengu Hunter on May 15, 2023.
             Was a Priest of Hepliaklqana.
             Slain by a wight
             ... wielding a +2 halberd of freezing
              (11 damage)
             ... on level 8 of the Dungeon on May 16, 2023.
             The game lasted 00:20:29 (7302 turns).

Edyrem the Skirmisher (Tengu Hunter)                Turns: 7302, Time: 00:20:29

HP:   -2/50 (53)    AC:  3    Str: 14    XL:     9   Next: 76%
MP:   10/10         EV: 18    Int: 13    God:    Hepliaklqana [***...]
Gold: 462           SH:  0    Dex: 19    Spells: 8/8 levels left

rFire   . . .        a - +0 shortbow
rCold   . . .        (shield currently unavailable)
rNeg    . . .        k - +0 robe
rPois   .            (helmet restricted)
rElec   +            (no cloak)
rCorr   .            u - +0 pair of gloves
SInv    .            (boots unavailable)
Will    .....        (no amulet)
Stlth   ++           E - ring of Sieg {Fly rElec Int+3}
HPRegen 0.28/turn    (no ring)
MPRegen 0.12/turn

%: no passive effects
@: flying quickly and evasively, drained, quick
A: reduced essence, beak, talons 3, nimble flight
a: Renounce Religion, Recall Ancestor, Ancestor Identity, Transference


You were on level 8 of the Dungeon.
You worshipped Hepliaklqana.
Hepliaklqana was most pleased with you.
You visited 1 branch of the dungeon, and saw 8 of its levels.
You also visited: Ossuary.

You collected 462 gold pieces.

Inventory:

Hand Weapons
 a - a +0 shortbow (weapon)
 b - a +0 dagger of electrocution
 j - a +2 mace of protection
Armour
 c - a +0 leather armour
 k - a +0 robe (worn)
 u - a +0 pair of gloves (worn)
Jewellery
 n - a ring of fire
 p - a ring of ice
 E - the ring of Sieg (left hand) {Fly rElec Int+3}
   (You found it on level 4 of the Dungeon)

   [ring of flight]

   Int:       It affects your intelligence (+3).
   rElec:     It insulates you from electricity.
   Fly:       It grants you flight.
Wands
 q - a wand of paralysis (13)
 y - a wand of quicksilver (4)
 H - a wand of flame (35)
Scrolls
 d - a scroll of identify {@r1}
 g - a scroll of brand weapon {unknown}
 l - 4 scrolls of enchant weapon
 m - 3 scrolls of fog
 r - 4 scrolls of immolation
 s - a scroll of enchant armour
 w - 4 scrolls of teleportation
 z - a scroll of fear
 I - a scroll of poison
Potions
 e - a potion of resistance {unknown}
 f - 3 potions of haste
 h - 2 potions of curing {unknown}
 i - 2 potions of invisibility {unknown}
 o - 3 potions of brilliance
 x - a potion of ambrosia {unknown}
 A - a potion of mutation {unknown}
 B - 4 potions of lignification {unknown}
 D - 3 potions of berserk rage {unknown}
 G - a potion of degeneration {unknown}
 J - 2 potions of heal wounds {unknown}
 K - 2 potions of flight {unknown}
 L - 2 potions of attraction {unknown}


   Skills:
 - Level 8.2 Fighting
 + Level 11.1 Ranged Weapons
 + Level 5.6 Dodging
 - Level 1.0 Stealth


You had 8 spell levels left.
You didn't know any spells.
Your spell library contained the following spells:

 Spells                   Type           Power      Damage    Failure   Level
 Cigotuvi's Dreadful Rot  Necr/Pois/Air  0%         N/A       43%         2
 Ensorcelled Hibernation  Hex/Ice        0%         N/A       43%         2
 Searing Ray              Conj           0%         2d4       43%         2
 Static Discharge         Conj/Air       0%         2-2/arc   43%         2
 Gell's Gravitas          Tloc           0%         N/A       67%         3
 Ignite Poison            Fire/Tmut/Pois 0%         N/A       67%         3
 Spider Form              Tmut/Pois      0%         N/A       67%         3
 Teleport Other           Tloc           0%         N/A       67%         3
 Anguish                  Hex/Necr       0%         N/A       97%         4
 Freezing Cloud           Conj/Ice/Air   0%         6-21      100%        5
 Dispersal                Tloc           0%         N/A       100%        6
 Eringya's Noxious Bog    Tmut/Pois      0%         N/A       100%        6
 Fire Storm               Conj/Fire      0%         5d1       100%        9


Dungeon Overview and Level Annotations

Branches:
Dungeon (8/15)             Temple (0/1) D:7         Ossuary (visited)
   Lair: D:8-11

Altars:
Hepliaklqana
Sif Muna
Zin


Innate Abilities, Weirdness & Mutations

Your life essence is reduced to manifest your ancestor. (-10% HP)
You have a beak for a mouth.
You have claws for feet.
Your magical nature lets you fly swiftly and evasively.


Message History

Press: ? - help, Q - select action, (/) - cycle Shift-Dir - straight line, f/p - wight
Aim: a wight, wielding a +2 halberd of freezing and wearing a +0 robe (lightly damaged, 70% to hit)
You shoot an arrow. Izel avoids your attack.
The arrow hits the wight.
The wight is heavily damaged.
Izel hits the wight with a +0 flail!
The wight misses you.
The wight hits Izel with a +0 scimitar!
Fire: a) +0 shortbow
Press: ? - help, Q - select action, (/) - cycle Shift-Dir - straight line, f/p - wight
Aim: a wight, wielding a +2 halberd of freezing and wearing a +0 robe (heavily damaged, 70% to hit)
You shoot an arrow. Izel avoids your attack.
The arrow hits the wight but does no damage.
The wight is heavily damaged.
The wight closely misses you.
Izel blocks the wight's attack.
Fire: a) +0 shortbow
Press: ? - help, Q - select action, (/) - cycle Shift-Dir - straight line, f/p - wight
Aim: a wight, wielding a +2 halberd of freezing and wearing a +0 robe (heavily damaged, 70% to hit)
You shoot an arrow. Izel avoids your attack.
The arrow hits the wight.
The wight is heavily damaged.
Izel hits the wight with a +0 flail!
Izel blocks the wight's attack.
The wight closely misses you.
Fire: a) +0 shortbow
Press: ? - help, Q - select action, (/) - cycle Shift-Dir - straight line, f/p - wight
Aim: a wight, wielding a +2 halberd of freezing and wearing a +0 robe (heavily damaged, 70% to hit)
You shoot an arrow. Izel avoids your attack.
The arrow hits the wight but does no damage.
The wight is heavily damaged.
Izel hits the wight with a +0 flail!
The wight is destroyed!
The wight hits you from afar with a +2 halberd of freezing.
* * * LOW HITPOINT WARNING * * *
The wight freezes you.
* * * LOW HITPOINT WARNING * * *
Fire: a) +0 shortbow
Press: ? - help, Q - select action, (/) - cycle Shift-Dir - straight line, f/p - wight
Aim: a wight, wielding a +2 halberd of freezing and wearing a +0 robe (heavily damaged, 70% to hit)
You shoot an arrow. Izel avoids your attack.
The arrow hits the wight but does no damage.
The wight is heavily damaged.
The wight hits you from afar with a +2 halberd of freezing!
You die...

..#.##
##...>.
#...#.
#.... #...
#zz#
###R)##.#
#..@....#
#.....###
#........
#.....####
#......
###+##..
###


You could see the friendly Izel the knight and 2 wights.

Vanquished Creatures
  Grinder (D:3)
  Sigmund (D:2)
  2 ice beasts
  A sky beast (D:6)
  A black bear (D:6)
  An ogre (D:5)
  2 centaurs (D:7)
  An elf zombie (Ossuary)
  2 scorpions
  2 howler monkeys (D:7)
  A human zombie (Ossuary)
  An orc priest (D:7)
  4 hounds
  5 jellies
  3 iguanas
  An orc wizard (D:7)
  A mummy (Ossuary)
  3 gnolls (D:2)
  5 adders
  An ufetubus (D:6)
  2 adder zombies (Ossuary)
  3 worms
  2 dart slugs
  5 orcs
  15 endoplasms
  2 giant cockroaches (D:1)
  2 hobgoblins
  4 jackals (D:1)
  5 quokkas
  11 ball pythons
  6 bats
  4 frilled lizards
  9 goblins
  A goblin zombie (Ossuary)
  6 hobgoblin zombies (Ossuary)
  A jackal zombie (Ossuary)
  15 kobolds
  3 kobold zombies (Ossuary)
  12 orc zombies (Ossuary)
  6 rats
  A rat zombie (Ossuary)
154 creatures vanquished.

Vanquished Creatures (collateral kills)
  A water moccasin (D:5)
  An orc warrior (D:7)
  An ogre (D:4)
  A kobold brigand (D:7)
  A bullfrog (D:7)
  A scorpion (D:3)
  An elf zombie (Ossuary)
  2 wights (D:8)
  2 centaur zombies (Ossuary)
  2 jellies
  3 hounds
  A human zombie (Ossuary)
  Ijyb (D:5)
  2 orc wizards (D:7)
  2 mummies
  2 white imps (D:6)
  An orc (D:6)
  3 endoplasms (D:4)
  5 kobolds (D:4)
  A hobgoblin zombie (Ossuary)
  A jackal zombie (Ossuary)
  2 kobold zombies (Ossuary)
  An orc zombie (Ossuary)
38 creatures vanquished.

Vanquished Creatures (others)
  A knight (D:5)
1 creature vanquished.

Grand Total: 193 creatures vanquished

Notes
Turn   | Place    | Note
-------+----------+-------------------------------------------
     0 | D:1      | Edyrem the Tengu Hunter began the quest for the Orb.
     0 | D:1      | Reached XP level 1. HP: 12/12 MP: 2/2
   244 | D:1      | Reached XP level 2. HP: 3/18 MP: 3/3
   680 | D:1      | Reached XP level 3. HP: 22/22 MP: 4/4
   938 | D:2      | Reached skill level 5 in Ranged Weapons
  1137 | D:2      | Reached XP level 4. HP: 10/28 MP: 5/5
  1257 | D:2      | Found a hazy altar of Hepliaklqana.
  1266 | D:2      | Became a worshipper of Hepliaklqana the Forgotten
  1336 | D:2      | Noticed Sigmund
  1343 | D:2      | Killed Sigmund
  1344 | D:2      | Reached skill level 6 in Ranged Weapons
  1344 | D:2      | Gained mutation: Your magical nature lets you fly swiftly
                  | and evasively. [Tengu growth]
  1344 | D:2      | Reached XP level 5. HP: 15/34 MP: 6/6
  1344 | D:2      | Reached XP level 6. HP: 17/39 MP: 7/7
  1940 | D:3      | Noticed Grinder
  1959 | D:3      | HP: 1/39 [Grinder/nerve-wracking pain (12)]
  1960 | D:3      | Killed Grinder
  1961 | D:3      | Reached skill level 5 in Fighting
  1961 | D:3      | Reached skill level 7 in Ranged Weapons
  1961 | D:3      | Reached XP level 7. HP: 1/44 MP: 8/8
  2236 | D:3      | Reached * piety under Hepliaklqana
  2599 | D:3      | Found a faded altar of an unknown god.
  3888 | D:4      | Reached ** piety under Hepliaklqana
  3990 | D:4      | Remembered your ancestor Izel as a knight
  4019 | D:4      | Reached skill level 8 in Ranged Weapons
  4201 | D:4      | Reached XP level 8. HP: 46/46 MP: 9/9
  4222 | D:4      | Identified the ring of Sieg {Fly rElec Int+3}
  4292 | D:5      | Entered Level 5 of the Dungeon
  4318 | D:5      | Found a glowing silver altar of Zin.
  4663 | D:5      | Got the Writings on the Adder and Bolts
  4684 | D:5      | Noticed Ijyb
  4691 | D:5      | Killed Ijyb
  4861 | D:5      | Reached skill level 9 in Ranged Weapons
  5637 | D:6      | Reached *** piety under Hepliaklqana
  5882 | D:6      | Reached XP level 9. HP: 42/53 MP: 10/10
  6148 | D:6      | Reached skill level 10 in Ranged Weapons
  6328 | D:7      | Found a sand-covered staircase.
  6338 | Ossuary  | Entered an ossuary
  6714 | D:7      | Found a staircase to the Ecumenical Temple.
  6881 | D:7      | Reached skill level 5 in Dodging
  7134 | D:7      | Found a shimmering blue altar of Sif Muna.
  7150 | D:7      | Reached skill level 11 in Ranged Weapons
  7302 | D:8      | Slain by a wight

Illustrated notes

Levels and vault maps discovered:
D:1:      saegor_arrival_miasma, layout_basic
D:2:      layout_loops_ring, serial_forest, infiniplex_forest_lined_2,
          infiniplex_forest_straight_2, infiniplex_forest_straight_3,
          infiniplex_forest_lined_corner, infiniplex_forest_diagonal,
          infiniplex_forest_lined_1, infiniplex_forest_end_2, basic_altar,
          minmay_pentomino_s2, uniq_sigmund
D:3:      layout_loops_cross, shapermc_ecumenical_altar_flowoftime,
          nicolae_figureground_pulse, uniq_grinder
D:4:      cheibrodos_fertilizer, layout_loops_ring
D:5:      layout_basic, mainiacjoe_overflow_brackets,
          hangedman_abyss_or_decor_lesser_grid, uniq_ijyb
D:6:      layout_loops_ring, kennysheep_another_room, kennysheep_generic_room_4
D:7:      layout_cave_pools, kennysheep_orc_sif_temple,
          minmay_temple_entry_proselytizer, gup_ossuary_entry_pyramid,
          nicolae_elevator_lobby_asterisk
D:8:      minmay_general_purpose_star, layout_basic, uniq_grum

Skill      XL: |  1  2  3  4  5  6  7  8  9 |
---------------+----------------------------+-----
Ranged Weapons | 5 6 7 8 9 11 | 11.1
Fighting       | 3 4 5 6 8 |  8.2
Dodging        | 5 |  5.6
Stealth        | |  1.0

Action                     |  1- 3 |  4- 6 |  7- 9 || total
---------------------------+-------+-------+-------++-------
  Melee: Shortbow          |       |       |     3 ||     3
   Fire: Shortbow          |   102 |    56 |   411 ||   569
 Invoke: Ancestor Life: Kn |       |       |     1 ||     1
    Use: Scroll            |       |       |    14 ||    14
 Armour: Leather armour    |     3 |       |       ||     3
         Robe              |     4 |       |    10 ||    14
  Dodge: Dodged            |    26 |    13 |    99 ||   138
